 Dungeon Crawl Stone Soup version 0.18-a0-1577-gf591c28 (webtiles) character file.

30 M4edhros the Vexing (level 3, 0/23 HPs)
             Began as an Octopode Arcane Marksman on Mar 20, 2016.
             Succumbed to an adder's poison
             ... on level 2 of the Dungeon.
             The game lasted 00:01:30 (716 turns).

M4edhros the Vexing (Octopode Arcane Marksman)       Turns: 716, Time: 00:01:30

Health: 0/23       AC:  1    Str:  9 (10) XL:     3   Next: 20%
Magic:  4/4        EV: 12    Int: 14 (15) God:
Gold:   98         SH:  0    Dex:  9 (12) Spells: 1 memorised, 3 levels left

rFire  . . .     SeeInvis .     a - +0 hunting sling
rCold  . . .     Gourm    +     (no shield)
rNeg   . . .     Faith    .     (helmet restricted)
rPois  .         Spirit   .     j - amulet of the gourmand
rElec  .         Dismiss  .     (no ring)
rCorr  .         Reflect  .     (no ring)
SustAt .         Harm     .     (no ring)
MR     .....                    (no ring)
Stlth  ++........               (no ring)
                                (no ring)
                                (no ring)
                                (no ring)

@: lethally poisoned (0 -> -4), not resistant to hostile enchantments,
unstealthy
A: almost no armour, amphibious, 8 rings, constrict 8, camouflage 1, gelatinous
body 1
a: no special abilities


You were on level 2 of the Dungeon.
You were full.

You visited 1 branch of the dungeon, and saw 2 of its levels.

You collected 98 gold pieces.

Inventory:

Hand Weapons
 a - a +0 hunting sling (weapon)
Missiles
 c - 50 sling bullets (quivered)
Jewellery
 j - an amulet of the gourmand (around mantle)
Scrolls
 e - a scroll of blinking {unknown}
 f - 5 scrolls of identify {unknown}
Books
 b - a book of Debilitation

   Spells                             Type                      Level
   a - Corona                         Hexes                        1
   b - Slow                           Hexes                        2
   c - Gell's Gravitas                Hexes/Translocation          3
   d - Inner Flame                    Hexes/Fire                   3
   e - Cause Fear                     Hexes                        4
   f - Leda's Liquefaction            Hexes/Earth                  4
Comestibles
 d - 2 bread rations
 h - a beef jerky
 k - a slice of pizza
 m - a royal jelly


   Skills:
 - Level 1.0 Fighting
 - Level 2.0 Slings
 - Level 2.0 Dodging
 - Level 1.0 Spellcasting
 + Level 4.2 Hexes


You had 3 spell levels left.
You knew the following spells:

 Your Spells              Type           Power        Failure   Level  Hunger
a - Corona                Hex            ##.....      6%          1    ##.....


Dungeon Overview and Level Annotations

Branches:
Dungeon (2/15)

Altars:
Okawaru


Innate Abilities, Weirdness & Mutations

You cannot wear most types of armour.
You are amphibious.
You can wear up to eight rings at the same time.
You can use your tentacles to constrict eight enemies at once.
Your skin changes colour to match your surroundings (Stealth).
Your rubbery body absorbs attacks (AC +1).


Message History

Press: ? - help, Shift-Dir - straight line, f/p - ooze
Aim: an ooze (moderately wounded)
You shoot a sling bullet. The sling bullet hits the ooze.
The ooze is moderately wounded.
* * * LOW HITPOINT WARNING * * *
You feel sick.
Firing (i - inventory):
c - 52 sling bullets (quivered)
Press: ? - help, Shift-Dir - straight line, f/p - ooze
Aim: an ooze (moderately wounded)
You shoot a sling bullet. The sling bullet hits the ooze.
The ooze is almost dead.
The ooze hits you but does no damage. The ooze misses you.
Firing (i - inventory):
c - 51 sling bullets (quivered)
Press: ? - help, Shift-Dir - straight line, f/p - ooze
Aim: an ooze (almost dead)
You shoot a sling bullet. The sling bullet hits the ooze.
You kill the ooze!
You see here a sling bullet.
A giant cockroach comes into view.
You die...

..## ## ....##
###.. ......#
s....###).. .#
........ ..#
#=).).# .$#
#.._..##..##
..#.).@.#....#
#.......(...#
##...###....#
##. #...#.# #
.....## #
#######


You could see a giant cockroach (sleeping).

Vanquished Creatures
  An ooze (D:2)
  A giant gecko (D:1)
  A giant cockroach (D:1)
  2 hobgoblins
  A ball python (D:2)
  A bat (D:2)
  4 giant newts
  6 goblins
  4 kobolds (D:1)
  4 rats
25 creatures vanquished.

Notes
Turn   | Place    | Note
--------------------------------------------------------------
     0 | D:1      | M4edhros the Octopode Arcane Marksman began the quest for the Orb.
     0 | D:1      | Reached XP level 1. HP: 13/13 MP: 2/2
    81 | D:1      | Reached XP level 2. HP: 18/18 MP: 3/3
   505 | D:1      | Reached skill level 4 in Hexes
   654 | D:2      | Reached XP level 3. HP: 23/23 MP: 4/4
   708 | D:2      | Found an iron altar of Okawaru.
   708 | D:2      | HP: 1/23 [poisoned by an adder]
   716 | D:2      | Succumbed to an adder's poison

Vault maps used:
D:1:      scummos_arrival_star
D:2:      overflow_temple_1_default, okawaru_ov_weapons_minmay,
          kennysheep_another_room, uniq_iyjb, uniq_terence, uniq_robin

Skill      XL: |  1  2 |
---------------+-------+-----
Hexes          | 4 |  4.2
Fighting       | |  1.0
Slings         | |  2.0
Dodging        | |  2.0
Spellcasting   | |  1.0

Action                   || total
-------------------------++-------
Melee: Unarmed           ||     3
 Fire: Hunting sling     ||    74
  Use: Scroll            ||     2
       Potion            ||     1
  Eat: Chunk             ||     7
